 Dungeon Crawl Stone Soup version 0.21-a0-349-g0c35859 (webtiles) character file.

82607 SpeedyPerson7 the Severer (level 15, -4/141 HPs)
             Began as a Minotaur Berserker on Oct 7, 2017.
             Was a High Priest of Trog.
             Slain by a black mamba (12 damage)
             ... on level 6 of the Lair of Beasts.
             The game lasted 00:17:53 (14058 turns).

SpeedyPerson7 the Severer (Minotaur Berserker)     Turns: 14058, Time: 00:17:54

Health: -4/141     AC: 20    Str: 28    XL:     15   Next: 30%
Magic:  14/14      EV:  7    Int:  4    God:    Trog [*****.]
Gold:   741        SH: 13    Dex: 10    Spells: 14/14 levels left

rFire    + . .     SeeInvis .   a - +8 broad axe (flame)
rCold    . . .     Gourm    .   m - +0 shield
rNeg     . . .     Faith    .   S - +4 plate armour {rF+}
rPois    .         Spirit   .   (helmet restricted)
rElec    .         Reflect  .   (no cloak)
rCorr    .         Harm     .   w - +2 pair of gloves
MR       +....                  z - +1 pair of boots {Fly}
Stlth    ..........             (no amulet)
HPRegen  0.33/turn              (no ring)
MPRegen  0.14/turn              (no ring)

@: berserk cooldown, flying, very slightly contaminated, heavily drained
A: retaliatory headbutt, horns 2
a: Berserk, Trog's Hand, Brothers in Arms, Burn Spellbooks, Renounce Religion,
Stop Flying


You were on level 6 of the Lair of Beasts.
You worshipped Trog.
Trog was extremely pleased with you.
You were hungry.

You visited 2 branches of the dungeon, and saw 16 of its levels.
You also visited: Volcano.

You collected 855 gold pieces.
You spent 114 gold pieces at shops.

Inventory:

Hand Weapons
 a - a +8 broad axe of flaming (weapon)
Armour
 b - a +0 animal skin
 m - a +0 shield (worn)
 v - a +0 ring mail
 w - a +2 pair of gloves (worn)
 z - a +1 pair of boots of flying (worn)
 Q - a +0 pair of gloves
 S - a +4 plate armour of fire resistance (worn)
Jewellery
 y - an uncursed ring of fire
 I - an uncursed ring of ice
Wands
 d - a wand of disintegration (9/24)
 B - a wand of clouds (3/9)
 J - a wand of flame (32/48)
 L - a wand of lightning (13/15)
Scrolls
 e - 3 scrolls of random uselessness
 g - a scroll of amnesia
 i - a scroll of identify
 o - 2 scrolls of fog
 r - 19 scrolls of remove curse
 s - a scroll of magic mapping
 A - a scroll of enchant weapon
 K - a scroll of immolation {unknown}
Potions
 c - 4 potions of curing
 f - 4 potions of agility
 h - 2 potions of heal wounds
 k - 3 potions of might
 l - a potion of cancellation {unknown}
 n - 2 potions of invisibility
 u - a potion of brilliance
 D - a potion of lignification {!q}
 E - a potion of ambrosia {unknown}
 F - a potion of degeneration {unknown}
 G - a potion of haste {unknown}
 M - 2 potions of resistance
 N - a potion of flight
 O - a potion of mutation {unknown}
 R - 3 potions of berserk rage
Books
 q - a book of Necromancy

   Spells                             Type                      Level
   a - Pain                           Necromancy                   1
   b - Animate Skeleton               Necromancy                   1
   c - Vampiric Draining              Necromancy                   3
   d - Regeneration                   Charms/Necromancy            3
   e - Animate Dead                   Necromancy                   4
   f - Control Undead                 Necromancy                   4
   Trog disapproves of the use of such an item.
 H - a book of Cantrips

   Spells                             Type                      Level
   a - Confusing Touch                Hexes                        1
   b - Animate Skeleton               Necromancy                   1
   c - Summon Small Mammal            Summoning                    1
   d - Apportation                    Translocation                1
   Trog disapproves of the use of such an item.
Comestibles
 j - 10 bread rations
 p - 4 meat rations
 P - 2 royal jellies


   Skills:
 * Level 15.0(11.8) Fighting
 - Level 19.1(15.6) Axes
 * Level 5.6(3.1) Armour
 + Level 3.9(1.5) Dodging
 + Level 14.1(11.0) Shields


You had 14 spell levels left.
You didn't know any spells.

Dungeon Overview and Level Annotations

Branches:
Dungeon (10/15)            Temple (0/1) D:6            Lair (6/6) D:8
 Shoals (0/4) Lair:3        Snake (0/4) Lair:2        Slime (0/5) Lair:6
    Orc (0/2) D:9

Altars:
Cheibriados
Uskayaw
Wu Jian
Jiyva

Shops:
D:9 *

Portals:
Ice
Cave: Lair:5

Annotations:
D:6 exclusion: oklob sapling
Lair:1 exclusion: oklob plant
Lair:4 Sonja
Lair:6 1 runed door, zero's ghost, journeyman GrBe


Innate Abilities, Weirdness & Mutations

You reflexively headbutt those who attack you in melee.
You have a pair of horns on your head.


Message History

Zero's ghost (journeyman Gargoyle Berserker) comes into view.
It is wielding a vorpal weapon.
Zero's ghost turns its malevolent gaze towards you.
The water moccasin bites you but does no damage.
You block the water moccasin's attack.
Found 23 gold pieces and a scroll of fog.
Okay, then.
Okay, then.
You feel much better. You block the water moccasin's attack.
Zero's ghost hits you!!
* * * LOW HITPOINT WARNING * * *
* * * LOW HITPOINT WARNING * * *
Okay, then.
Your stone giant goes berserk!
You are feeling hungry.
The water moccasin bites you but does no damage.
Zero's ghost hits you!
* * * LOW HITPOINT WARNING * * *
* * * LOW HITPOINT WARNING * * *
The black mamba bites you!
You die...

.##..?##.#
.........##
.........P#
.$........#
..........##
...........#
......$...##
.....CS@W..#
.......S...#
..........##
.........##
.........#
.......#.#
....... ##
.......


You could see a black mamba, a water moccasin, zero's ghost and a friendly stone
giant (berserk).

Vanquished Creatures
  6 hydras
  A hell knight (Volcano)
  A salamander mystic (Volcano)
  A deep elf mage (D:10)
  4 salamanders (Volcano)
  The ghost of Syneil the Cudgeler, a novice GrFi (D:5)
  3 elephants (Lair:3)
  2 molten gargoyles (Volcano)
  3 black mambas
  4 spiny frogs
  8 rime drakes (Lair:4)
  7 komodo dragons
  A troll (D:9)
  8 blink frogs
  A hornet (Lair:6)
  A snapping turtle (Lair:3)
  11 hippogriffs
  Sigmund (D:5)
  A redback (Lair:6)
  11 wyverns
  42 yaks
  A vampire (D:10)
  7 basilisks
  2 fire bats (Volcano)
  Grum (D:8)
  Menkaure (D:5)
  A hungry ghost (D:10)
  2 nagas (Lair:2)
  10 water moccasins
  9 porcupines
  2 sky beasts
  4 black bears (D:8)
  5 orc warriors
  4 ice beasts
  4 ogres
  6 phantoms
  2 necrophages
  9 wolves
  A centaur (D:8)
  10 crocodiles
  A gnoll sergeant (D:9)
  7 bullfrogs
  2 scorpions
  5 wights (D:9)
  An electric eel (Lair:6)
  3 lava snakes (Volcano)
  5 crimson imps
  2 bullfrog zombies (D:5)
  A quasit (D:9)
  A jelly (D:5)
  4 orc priests
  2 hounds
  A bullfrog skeleton (D:8)
  5 orc wizards
  5 iguanas
  7 worker ants
  A hound zombie (D:5)
  A hound skeleton (D:9)
  A howler monkey skeleton (D:4)
  12 adders
  13 gnolls (D:9)
  2 shadow imps
  2 oozes
  2 adder zombies
  5 worms
  4 leopard geckos
  46 orcs
  A ball python (D:2)
  7 bats
  6 giant cockroaches
  6 goblins
  10 hobgoblins
  5 jackals
  5 kobolds
  2 quokkas (D:4)
  6 frilled lizards
  A leopard gecko zombie (D:6)
  A quokka skeleton (D:7)
  4 rats
  12 fungi (D:8)
  18 plants
424 creatures vanquished.

Vanquished Creatures (others)
  A bush (Lair:3)
  15 fungi
  13 plants
29 creatures vanquished.

Grand Total: 453 creatures vanquished

Notes
Turn   | Place    | Note
-------+----------+-------------------------------------------
     0 | D:1      | SpeedyPerson7 the Minotaur Berserker began the quest for the Orb.
     0 | D:1      | Reached XP level 1. HP: 19/19 MP: 0/0
    99 | D:1      | Reached skill level 4 in Axes
   149 | D:1      | Reached XP level 2. HP: 17/27 MP: 1/1
   480 | D:2      | Found a snail-covered altar of Cheibriados.
   556 | D:2      | Reached XP level 3. HP: 33/33 MP: 2/2
   907 | D:2      | Reached skill level 5 in Axes
  1190 | D:2      | Reached ** piety under Trog
  1267 | D:3      | Reached XP level 4. HP: 35/41 MP: 3/3
  1268 | D:3      | Reached skill level 1 in Shields
  1291 | D:3      | Noticed an ogre
  1297 | D:3      | Killed an ogre
  1297 | D:3      | Reached XP level 5. HP: 33/47 MP: 4/4
  1449 | D:3      | Reached skill level 6 in Axes
  1805 | D:4      | Reached skill level 5 in Fighting
  1880 | D:4      | Reached XP level 6. HP: 56/56 MP: 5/5
  2215 | D:4      | Found a hide-covered altar of Uskayaw.
  2286 | D:4      | Reached *** piety under Trog
  2380 | D:4      | Reached skill level 7 in Axes
  2801 | D:4      | Reached XP level 7. HP: 58/62 MP: 6/6
  3079 | D:5      | Entered Level 5 of the Dungeon
  3090 | D:5      | Noticed Menkaure
  3096 | D:5      | Killed Menkaure
  3108 | D:5      | Reached skill level 8 in Axes
  3414 | D:5      | Noticed Syneil's ghost (novice GrFi)
  3426 | D:5      | Killed Syneil's ghost
  3426 | D:5      | Reached skill level 9 in Axes
  3426 | D:5      | Reached skill level 5 in Shields
  3426 | D:5      | Reached XP level 8. HP: 71/71 MP: 7/7
  3753 | D:5      | Noticed Sigmund
  3763 | D:5      | Killed Sigmund
  3856 | D:5      | Reached skill level 10 in Axes
  4007 | D:6      | Found a staircase to the Ecumenical Temple.
  4068 | D:6      | Reached **** piety under Trog
  4336 | D:6      | Reached XP level 9. HP: 69/81 MP: 8/8
  4365 | D:6      | Got a steaming ring mail
  4377 | D:6      | Identified the cursed +0 ring mail of Seizol {*Drain rN+ Str+3} (You found it on level 6 of the Dungeon)
  4609 | D:6      | You are sucked into a shaft for 3 floors!
  4622 | D:9      | Reached skill level 11 in Axes
  4918 | D:9      | Found a staircase to the Orcish Mines.
  4964 | D:9      | Noticed a troll
  4969 | D:9      | Reached ***** piety under Trog
  4979 | D:9      | Killed a troll
  4979 | D:9      | Reached skill level 12 in Axes
  5061 | D:9      | Found Kinuciz's Assorted Antiques.
  5084 | D:9      | Bought a scroll labeled GEDELY JUSHISAFE for 19 gold pieces
  5084 | D:9      | Bought a scroll labeled IBUG UFIAXZEDA for 19 gold pieces
  5084 | D:9      | Bought a glass wand for 76 gold pieces
  5347 | D:9      | Reached XP level 10. HP: 89/91 MP: 9/9
  5564 | D:8      | Noticed Grum
  5588 | D:8      | Killed Grum
  5590 | D:8      | Reached skill level 13 in Axes
  5601 | D:8      | Reached skill level 10 in Fighting
  5603 | D:8      | Found a staircase to the Lair.
  6577 | D:10     | Entered Level 10 of the Dungeon
  6947 | D:10     | Noticed a deep elf mage
  6961 | D:10     | Killed a deep elf mage
  6961 | D:10     | Reached skill level 14 in Axes
  7124 | D:10     | Received a gift from Trog
  7319 | Lair:1   | Entered Level 1 of the Lair of Beasts
  7370 | Lair:1   | Noticed a spiny frog
  7375 | Lair:1   | Killed a spiny frog
  7375 | Lair:1   | Reached XP level 11. HP: 101/101 MP: 10/10
  7378 | Lair:1   | Noticed an oklob plant
  7449 | Lair:1   | Reached skill level 10 in Shields
  7539 | Lair:1   | Noticed a five-headed hydra
  7839 | Lair:1   | Killed a four-headed hydra
  7839 | Lair:1   | Reached skill level 15 in Axes
  8173 | Lair:1   | Found an ornate altar of the Wu Jian Council.
  8410 | Lair:2   | Found a dark tunnel.
  8579 | Volcano  | Entered a volcano
  9166 | Volcano  | Found a bloodstained altar of Trog.
  9166 | Volcano  | Noticed a salamander mystic
  9175 | Volcano  | Killed a salamander mystic
  9181 | Volcano  | Reached skill level 16 in Axes
  9402 | Volcano  | Reached XP level 12. HP: 33/112 MP: 11/11
 10178 | Lair:2   | Noticed an eight-headed hydra
 10186 | Lair:2   | Killed a four-headed hydra
 10749 | Lair:2   | Found a staircase to the Snake Pit.
 10760 | Lair:2   | Received a gift from Trog
 10783 | Lair:2   | Noticed a seven-headed hydra
 10790 | Lair:2   | Killed a four-headed hydra
 11180 | Lair:3   | Reached skill level 17 in Axes
 11682 | Lair:3   | Noticed an eight-headed hydra
 11687 | Lair:3   | Killed a six-headed hydra
 11711 | Lair:3   | Found a staircase to the Shoals.
 11904 | Lair:3   | Reached XP level 13. HP: 73/122 MP: 12/12
 12316 | Lair:3   | Reached skill level 18 in Axes
 12316 | Lair:3   | Reached XP level 14. HP: 130/130 MP: 13/13
 12317 | Lair:3   | Reached skill level 19 in Axes
 12317 | Lair:3   | Reached XP level 15. HP: 139/139 MP: 14/14
 12650 | Lair:4   | Noticed Sonja
 12658 | Lair:4   | Paralysed by Sonja for 5 turns
 12667 | Lair:4   | Paralysed by Sonja for 4 turns
 13405 | Lair:5   | Found a frozen archway.
 13731 | Lair:6   | Entered Level 6 of the Lair of Beasts
 13748 | Lair:6   | Reached skill level 5 in Armour
 13983 | Lair:6   | Found a runed door.
 13983 | Lair:6   | Found a viscous altar of Jiyva.
 13985 | Lair:6   | Found a staircase to the Slime Pits.
 14019 | Lair:6   | Received a gift from Trog
 14019 | Lair:6   | Reached skill level 15 in Fighting
 14038 | Lair:6   | Reached ****** piety under Trog
 14056 | Lair:6   | Noticed zero's ghost (journeyman GrBe)
 14058 | Lair:6   | Slain by a black mamba

Vault maps used:
D:1:      ncdulo_lavacross
D:2:      cheibriados_altar_1
D:3:      minmay_diamond_boxcup
D:4:      overflow_temple_1_default, first_bread
D:5:      uniq_menkaure, uniq_sigmund
D:6:      minmay_temple_entry_oklob
D:7:      small_statue_alley_b, minmay_crystal_water
D:8:      due_lair_maze_entry_diamond, uniq_grum
D:9:      kennysheep_blocky_hall, david_orc_1_choice, serial_shops, shop,
          uniq_gastronok
Lair:1:   basic_altar, st_stairs_6, minmay_lair_oklob_bushes
Lair:2:   guppyfry_snake_entry_garden, lightli_volcano_entry_magma_tube,
          beast_lair_carwin_11
Lair:3:   minmay_shoals_entry_hut, grunt_megastairs_4
Lair:4:   st_stairs_9, uniq_sonja
Lair:5:   portal_ice_cave_entry_pillars_2
Lair:6:   wormcave, hangedman_lair_tendril_chambers, slime_altar_2,
          serial_bayou_lake_a, infiniplex_staircase_pool
Volcano:  volcano_lake

Skill      XL: |  1  2  3  4  5  6  7  8  9 10 11 12 13 14 15 |
---------------+----------------------------------------------+-----
Axes           | 4 5 6 7 9 10 12 14 16 17 18 19 | 19.1
Fighting       | 4 5 6 8 9 10 12 13 14 15 | 15.0
Shields        | 2 3 5 6 8 9 11 12 13 14 | 14.1
Armour         | 5 |  5.6
Dodging        | 3 |  3.9

Action                   |  1- 3 |  4- 6 |  7- 9 | 10-12 | 13-15 || total
-------------------------+-------+-------+-------+-------+-------++-------
Melee: Hand axe          |    66 |   115 |       |       |       ||   181
       Headbutt          |     4 |    22 |    41 |   116 |    15 ||   198
       War axe           |       |    13 |   244 |   231 |       ||   488
       Broad axe         |       |       |       |   296 |   102 ||   398
Invok: Berserk           |     4 |     3 |     7 |     8 |     4 ||    26
       Trog's Hand       |       |     1 |       |       |     1 ||     2
       Burn Spellbooks   |       |     2 |     1 |       |       ||     3
       Brothers in Arms  |       |       |       |       |     1 ||     1
  Use: Scroll            |       |     1 |     5 |    15 |    12 ||    33
       Potion            |       |       |       |       |     6 ||     6
  Eat: Chunk             |     5 |     8 |    13 |    16 |     6 ||    48
       Royal jelly       |       |       |     1 |     1 |       ||     2
       Bread ration      |       |       |       |     1 |       ||     1
       Meat ration       |       |       |       |     1 |     1 ||     2
Armor: Animal skin       |     9 |     6 |       |       |       ||    15
       Ring mail         |       |     9 |    70 |     2 |       ||    81
       Chain mail        |       |       |       |   110 |       ||   110
       Plate armour      |       |       |       |    54 |    71 ||   125
Dodge: Dodged            |    50 |    37 |    56 |    93 |    34 ||   270
Block: Shield            |     8 |    51 |   104 |   253 |    75 ||   491

Table legend:
 A = Spawn XP
 B = Non-spawn XP
 C = Spawn XP percentage of total XP
 D = Spawn monster count
 E = Non-spawn monster count
 F = Spawn count percentage of total count
 G = Total turns spent on level
                    A         B        C        D         E        F      G
               +---------+---------+-------+---------+---------+-------+---------
         Total |       0 |   53072 |   0.0 |       0 |     394 |   0.0 | 14058
               +---------+---------+-------+---------+---------+-------+---------
           D:1 |       0 |      12 |   0.0 |       0 |       7 |   0.0 |   371
           D:2 |       0 |      65 |   0.0 |       0 |      21 |   0.0 |   851
           D:3 |       0 |     195 |   0.0 |       0 |      21 |   0.0 |   691
           D:4 |       0 |     485 |   0.0 |       0 |      34 |   0.0 |  1166
           D:5 |       0 |    1461 |   0.0 |       0 |      21 |   0.0 |   912
           D:6 |       0 |     597 |   0.0 |       0 |      23 |   0.0 |   654
           D:7 |       0 |     121 |   0.0 |       0 |       2 |   0.0 |    51
           D:8 |       0 |    2734 |   0.0 |       0 |      34 |   0.0 |  1149
           D:9 |       0 |    2861 |   0.0 |       0 |      53 |   0.0 |   778
          D:10 |       0 |    2070 |   0.0 |       0 |      19 |   0.0 |   696
        Lair:1 |       0 |    6271 |   0.0 |       0 |      27 |   0.0 |  1012
        Lair:2 |       0 |    6899 |   0.0 |       0 |      24 |   0.0 |  1378
        Lair:3 |       0 |    9305 |   0.0 |       0 |      35 |   0.0 |  1907
        Lair:4 |       0 |    8925 |   0.0 |       0 |      29 |   0.0 |   286
        Lair:5 |       0 |     235 |   0.0 |       0 |       2 |   0.0 |   382
        Lair:6 |       0 |    5772 |   0.0 |       0 |      29 |   0.0 |   327
       Volcano |       0 |    5064 |   0.0 |       0 |      13 |   0.0 |  1447
               +---------+---------+-------+---------+---------+-------+---------
